Map: Thunderbird LE

Players

Neitos

  • Race: Zerg Zerg
  • League: Master
  • Spawn Location: 11:00

Mez - Winner!

  • Race: Terran Terran
  • League: Master
  • Spawn Location: 5:00

VOD

Have the link to the VOD?

Description

Time

  • Played on: Aug. 14, 2019, 2:51 p.m.
  • Length: 11:00
Show
View Real Time Build Order
Export as new Build Order

Neitos Zerg 

Build Orders: Pool First, Swarm Host 

Get SALT Encoding   

  12  0:00  Drone  
  13  0:13  Overlord  
  13  0:16  Drone  
  14  0:31  Drone x2  
  16  0:41  Spawning Pool  
  15  0:44  Drone  
  16  1:06  Hatchery  
  16  1:09  Drone  
  16  1:13  Drone  
  17  1:28  Zergling x4  
  17  1:29  Queen  
  17  1:32  Zergling x2  
  22  1:53  Hatchery  
  21  2:04  Extractor  
  21  2:05  Queen  
  22  2:23  Drone x3  
  22  2:24  Drone  
  22  2:26  Queen  
  27  2:34  Overlord  
  27  2:41  Drone  
  27  2:42  Drone  
  28  2:54  Drone x4  
  28  2:55  Drone  
  33  3:04  Queen  
  35  3:08  Drone  
  35  3:09  Drone  
  35  3:10  Drone  
  38  3:18  Overlord  
  38  3:22  Queen  
  40  3:37  Queen  
  40  3:39  Drone  
  40  3:40  Drone x6  
  49  3:43  Extractor  
  49  3:44  Extractor  
  47  3:49  Spine Crawler  
  47  3:54  Drone  
  47  3:55  Drone x3  
  50  4:12  Spore Crawler  
  50  4:13  Spore Crawler  
  50  4:16  Spore Crawler  
  47  4:26  Drone x3  
  47  4:27  Drone, Roach Warren  
  50  4:34  Lair  
  50  4:51  Overlord  
  50  4:56  Extractor  
  50  4:58  Extractor  
  50  4:59  Extractor  
  47  5:00  Extractor  
  47  5:01  Drone x4  
  49  5:15  Drone  
  46  5:37  Overseer  
  46  5:42  Drone  
  47  5:43  Drone x11  
  47  5:44  Overlord  
  58  5:55  Overlord  
  58  6:04  Roach x2  
  62  6:08  Spore Crawler  
  62  6:09  Spore Crawler  
  62  6:10  Spore Crawler x3  
  62  6:11  Spore Crawler x3  
  54  6:12  Spore Crawler  
  51  6:21  Roach x6  
  70  6:37  Roach x3  
  70  6:38  Drone  
  73  6:52  Infestation Pit, Hatchery  
  71  7:00  Overseer  
  71  7:02  Pneumatized Carapace  
  71  7:05  Drone x3  
  74  7:09  Overlord  
  74  7:11  Overlord  
  74  7:24  Overlord  
  74  7:28  Swarm Host  
  74  7:29  Swarm Host x4  
  86  7:34  Evolution Chamber  
  86  7:36  Evolution Chamber  
  87  7:42  Overlord  
  87  7:44  Swarm Host  
  87  7:45  Swarm Host x2  
  87  7:49  Overlord x3  
  87  7:50  Overlord  
  84  8:32  Swarm Host x5  
  84  8:33  Swarm Host x5  
  117  8:52  Swarm Host x3  
  117  8:54  Drone  
  125  8:58  Glial Reconstitution  
  125  9:04  Drone x3  
  125  9:05  Drone x3  
  125  9:17  Nydus Network  
  125  9:23  Queen x3  
  130  9:37  Spine Crawler  
  130  9:38  Spine Crawler  
  128  9:39  Spine Crawler  
  128  9:40  Spine Crawler  
  128  9:41  Spore Crawler  
  128  9:42  Drone x3  
  128  9:54  Nydus Canal  
  124  10:04  Drone x4  
  119  10:22  Queen x2  
  115  10:31  Drone x3  
Show
View Real Time Build Order
Export as new Build Order

Mez Terran - Winner!

Build Orders: Reaper Expand, Banshee Rush 

Get SALT Encoding   

  12  0:00  SCV  
  13  0:13  SCV  
  14  0:17  Supply Depot  
  14  0:25  SCV  
  15  0:38  SCV  
  15  0:42  Barracks  
  16  0:45  Refinery  
  16  0:51  SCV  
  17  1:03  SCV  
  18  1:15  SCV  
  19  1:30  Reaper, Orbital Command  
  20  1:40  Command Center  
  20  1:48  Supply Depot  
  20  1:56  SCV  
  21  2:01  Marine  
  21  2:08  SCV  
  23  2:11  Factory  
  23  2:15  Refinery  
  23  2:45  Barracks Reactor  
  23  2:47  Barracks Tech Lab  
  23  2:49  SCV  
  23  2:53  Orbital Command  
  23  2:55  Bunker  
  23  3:01  Starport  
  23  3:09  SCV  
  24  3:13  Barracks Reactor  
  24  3:28  SCV  
  25  3:34  SCV  
  25  3:35  Command Center  
  25  3:40  SCV  
  26  3:44  Banshee  
  26  3:45  Cloaking Field  
  26  3:46  SCV  
  30  3:50  Supply Depot  
  30  3:52  SCV  
  31  3:57  Hellion x2  
  31  3:58  SCV  
  36  4:04  SCV  
  37  4:10  SCV  
  37  4:13  Supply Depot  
  37  4:16  SCV  
  39  4:19  Hellion x2  
  39  4:22  SCV  
  44  4:27  Banshee  
  44  4:29  SCV  
  48  4:34  SCV  
  49  4:39  Supply Depot  
  49  4:41  SCV  
  49  4:42  Factory  
  49  4:43  Factory  
  50  4:46  SCV  
  50  4:50  Orbital Command  
  51  4:53  SCV  
  51  4:54  Hellion  
  51  4:59  SCV  
  55  5:05  SCV  
  56  5:11  SCV  
  57  5:16  SCV  
  57  5:17  SCV  
  59  5:23  SCV  
  60  5:29  SCV x2, Banshee  
  60  5:30  Hellion x2, Factory Tech Lab x2  
  60  5:34  Refinery  
  60  5:35  SCV  
  70  5:36  Refinery  
  70  5:38  Armory  
  70  5:39  Engineering Bay, Armory  
  70  5:41  SCV  
  71  5:45  SCV  
  71  5:47  SCV  
  73  5:53  Supply Depot  
  73  5:54  Hellion x4  
  81  5:58  SCV x2  
  81  6:00  SCV  
  81  6:02  Refinery  
  81  6:03  Refinery  
  84  6:14  Liberator  
  84  6:15  SCV x3  
  87  6:19  Hellion x2  
  87  6:20  Cyclone  
  87  6:21  Cyclone  
  91  6:28  SCV  
  91  6:29  SCV x2  
  93  6:41  SCV  
  93  6:42  SCV  
  93  6:44  Hellion  
  93  6:48  Supply Depot  
  93  6:51  Supply Depot  
  93  6:52  Supply Depot  
  93  6:55  Cyclone x2  
  93  6:56  Hellion  
  93  6:57  Supply Depot  
  93  7:01  Mag-Field Accelerator  
  101  7:03  Infernal Pre-Igniter  
  101  7:10  SCV x3  
  104  7:22  Hellion, SCV x3  
  111  7:23  Hellion  
  111  7:26  Terran Vehicle And Ship Armor Level 1, Terran Vehicle Weapons Level 1  
  111  7:28  Factory x2  
  111  7:36  Missile Turret  
  111  7:37  Supply Depot  
  111  7:38  Supply Depot x2  
  111  7:41  SCV  
  111  7:42  SCV x2  
  114  7:44  Liberator  
  114  7:49  Command Center  
  114  7:54  SCV  
  115  8:03  Hellion, Cyclone x2  
  115  8:04  Hellion  
  126  8:25  Factory Reactor  
  126  8:26  Factory Tech Lab  
  121  8:27  Hellion x2  
  122  8:35  Cyclone  
  122  8:39  Cyclone  
  118  8:45  Liberator  
  118  8:47  Cyclone  
  119  8:48  Hellion  
  119  8:49  Hellion  
  122  8:55  SCV x3  
  124  9:04  Hellion x2  
  124  9:07  Cyclone, SCV  
  124  9:08  SCV x2  
  124  9:09  Factory  
  137  9:10  Factory  
  137  9:11  Factory, Cyclone  
  140  9:17  Refinery  
  140  9:19  Cyclone, Supply Depot  
  140  9:20  Supply Depot  
  140  9:22  Refinery  
  140  9:23  Supply Depot  
  140  9:28  Liberator  
  140  9:29  Hellion x3  
  146  9:42  Cyclone  
  146  9:44  Planetary Fortress  
  149  9:49  SCV x2  
  141  10:23  Hellion  
  141  10:24  Hellion x3, Factory Tech Lab x3  
  141  10:25  Siege Tank, Cyclone x2  
Tags
 
Add a new tag
Caveats
  • Supply blocks, unpowered buildings, or Contaminate may cause inaccurate times.
  • Supply counts are checked every 10 seconds.